 Dungeon Crawl Stone Soup version 0.29-a0-119-g4040846114 (webtiles) character file.

Game seed: 15578102755643300890

555 cyrus the Slasher (level 7, -4/37 HPs)
             Began as a Vine Stalker Abyssal Knight on Feb 20, 2022.
             Was a Believer of Lugonu.
             Slain by an ogre (16 damage)
             ... on level 5 of the Dungeon.
             The game lasted 00:11:25 (4039 turns).

cyrus the Slasher (Vine Stalker Abyssal Knight)     Turns: 4039, Time: 00:11:28

Health: -4/37      AC: 14    Str: 15    XL:     7   Next: 30%
Magic:  0/9        EV:  2    Int: 12    God:    Lugonu [**....]
Gold:   184        SH:  0    Dex: 15    Spells: 6/6 levels left

rFire   . . .      SeeInvis .   a - +4 falchion
rCold   . . .      Faith    .   (no shield)
rNeg    . . .      Spirit   +   u - +0 plate armour
rPois   +          Reflect  .   p - +0 helmet
rElec   .          Harm     .   o - +1 cloak
rCorr   .          Rampage  .   (no gloves)
Will    .....                   (no boots)
Stlth   ..........              (no amulet)
HPRegen 0.92/turn               h - ring of poison resistance
MPRegen 0.11/turn               (no ring)

@: constricted, very slow
A: fangs 2, regeneration 1, magic shield, antimagic bite, no potion heal 2
a: Renounce Religion, Depart the Abyss, Bend Space


You were on level 5 of the Dungeon.
You worshipped Lugonu.
Lugonu was pleased with you.
You visited 1 branch of the dungeon, and saw 5 of its levels.
You visited the Abyss 1 time.

You collected 184 gold pieces.

Inventory:

Hand Weapons
 a - a +4 falchion (weapon)
 i - a +0 dagger
Armour
 b - a +0 leather armour
 c - a +0 ring mail
 o - a +1 cloak (worn)
 p - a +0 helmet (worn)
 s - a +0 chain mail
 u - a +0 plate armour (worn)
Jewellery
 h - a ring of poison resistance (left hand)
 v - a ring of protection from fire
 w - a ring of resist corrosion
Scrolls
 d - a scroll of blinking {unknown}
 e - a scroll of teleportation {unknown}
 g - a scroll of vulnerability
 k - a scroll of amnesia {unknown}
 r - 2 scrolls of silence
 t - a scroll of enchant armour {unknown}
 y - a scroll of holy word {unknown}
Potions
 f - 4 potions of curing {unknown}
 j - 2 potions of attraction {unknown}
 m - a potion of berserk rage {unknown}
 n - a potion of might {unknown}
 q - 3 potions of degeneration
 x - a potion of invisibility {unknown}


   Skills:
 + Level 4.0 Fighting
 + Level 4.6 Long Blades
 + Level 3.3 Armour
 + Level 2.0 Dodging
 + Level 1.9 Stealth
 + Level 1.9 Invocations


You had 6 spell levels left.
You didn't know any spells.
Your spell library contained the following spells:

 Spells                   Type           Power      Damage    Failure   Level
 Confusing Touch          Hex            0%         N/A       100%        3
 Yara's Violent Unravell  Hex/Tmut       0%         3d3       100%        5
 Enfeeble                 Hex            0%         N/A       100%        7


Dungeon Overview and Level Annotations

Branches:
Dungeon (5/15)             Temple (0/1) D:4

Altars:
Gozag

Portals:
Sewer: D:5


Innate Abilities, Weirdness & Mutations

You have extremely sharp teeth.
Your natural rate of healing is unusually fast.
When hurt, damage is shared between your health and your magic reserves.
Your bite disrupts and absorbs the magic of your enemies.
Potions cannot restore your health.


Message History

The black bear claws you but does no damage. x2
The hound bites you but does no damage. The hound bites you but does no damage.
The jelly hits you but does no damage. The hound bites you but does no damage.
The jelly hits you but does no damage. The hound bites you but does no damage.
The black bear bites you. The black bear completely misses you.
The black bear claws you but does no damage.
The jelly hits you.
You are splashed with acid.
* * * LOW HITPOINT WARNING * * *
The black bear closely misses you. The black bear claws you.
* * * LOW HITPOINT WARNING * * *
The black bear barely misses you. The black bear bites you.
* * * LOW HITPOINT WARNING * * *
The black bear claws you but does no damage.
The black bear barely misses you. The hound bites you but does no damage.
The ogre hits you but does no damage. The hound bites you.
* * * LOW HITPOINT WARNING * * *
The hound bites you but does no damage. The hound bites you but does no damage.
The hound bites you but does no damage. The hound barely misses you.
The hound barely misses you. The hound bites you but does no damage.
The ball python bites you but does no damage.
The ball python grabs you. The ball python constricts you.
The hound bites you but does no damage. The ball python completely misses you.
The ball python constricts you.
You escape the ball python's grasp.
The hound bites you but does no damage. The hound bites you but does no damage.
The hound bites you.
You enter the shallow water.
Moving in this stuff is going to be slow.
The ogre hits you with a +0 giant club. The hound bites you.
The jelly hits you but does no damage.
The ball python bites you but does no damage.
The ball python grabs you. The ball python constricts you.
The ogre hits you with a +0 giant club!
You die...

#........##.........### ...
#........##..........#. #...
#.....#..............#.
#....###....##..............#.
.....#.............)..........
.....#.....................#.#
....................##...###.#
............OhS.....##...###..
.........##hJ@≈≈##..##........
...#....≈##≈≈≈≈≈##..####......
.. #.....≈≈.....≈≈.##.........
...#.....≈≈≈....≈≈.##.##......
#.......w....∩..≈≈.##.#####...
....###..≈≈.....≈≈.....# #...
.... #..≈≈.....≈≈..#..# #...
... #..##≈≈.≈≈##..#..####...
.. #.w##≈≈.≈≈##..#......###


You could see a black bear, an ogre, a worm, a hound, a jelly and a ball python.

Vanquished Creatures
  The ghost of Pandoramic the Sneak, an amateur VSEn of Yredelemnul (D:4)
  A scorpion (D:5)
  3 hounds
  An orc priest (D:4)
  A bullfrog skeleton (D:5)
  Jessica (D:3)
  Terence (D:2)
  An iguana (D:5)
  A hound skeleton (D:4)
  6 adders
  A river rat (D:5)
  2 adder skeletons (D:4)
  2 worms
  3 dart slugs
  5 orcs (D:4)
  10 bats
  6 endoplasms
  3 giant cockroaches
  2 goblins
  2 hobgoblins
  3 jackals (D:5)
  5 quokkas
  11 ball pythons
  2 frilled lizards
  7 kobolds
  7 rats
88 creatures vanquished.

Notes
Turn   | Place    | Note
-------+----------+-------------------------------------------
     0 | Abyss:1  | cyrus the Vine Stalker Abyssal Knight began the quest for
                  | the Orb.
     0 | Abyss:1  | Reached XP level 1. HP: 11/11 MP: 3/3
    47 | Abyss:1  | Noticed a small abomination
    48 | D:1      | Escaped the Abyss
    72 | D:1      | Found a faded altar of an unknown god.
   158 | D:1      | Reached * piety under Lugonu
   279 | D:1      | Reached XP level 2. HP: 16/16 MP: 4/4
   858 | D:2      | Reached skill level 1 in Dodging
   858 | D:2      | Reached XP level 3. HP: 14/20 MP: 5/5
  1994 | D:2      | Gained mutation: Your natural rate of healing is unusually
                  | fast. [Vine Stalker growth]
  1994 | D:2      | Reached XP level 4. HP: 24/24 MP: 6/6
  2026 | D:2      | Noticed Terence
  2038 | D:2      | Killed Terence
  2039 | D:2      | Reached skill level 1 in Stealth
  2465 | D:3      | Reached ** piety under Lugonu
  2493 | D:3      | Found an opulent altar of Gozag.
  2601 | D:3      | Noticed Jessica
  2606 | D:3      | Killed Jessica
  2607 | D:3      | Reached XP level 5. HP: 22/28 MP: 5/7
  3233 | D:4      | Reached XP level 6. HP: 33/33 MP: 8/8
  3249 | D:4      | Found a runed translucent door.
  3275 | D:4      | Noticed Pandoramic's ghost (amateur VSEn)
  3313 | D:4      | Killed Pandoramic's ghost
  3474 | D:4      | Found a staircase to the Ecumenical Temple.
  3702 | D:5      | Entered Level 5 of the Dungeon
  3733 | D:5      | Reached XP level 7. HP: 27/37 MP: 9/9
  3965 | D:5      | Found a glowing drain.
  4039 | D:5      | Slain by an ogre

Illustrated notes

Levels and vault maps discovered:
D:1:      evilmike_arrival_plus, layout_basic, ebering_ecumenical_altar_ruins
D:2:      minmay_recursive_quarters, layout_rooms, uniq_terence
D:3:      layout_basic, grunt_gozag_statues, uniq_jessica
D:4:      layout_basic, temple_hall, ebering_ghost_sewer_d
D:5:      layout_basic, cheibrodos_sewer_entry_sluice

Skill      XL: |  1  2  3  4  5  6  7 |
---------------+----------------------+-----
Fighting       | 3 4 |  4.0
Long Blades    | 2 3 4 |  4.6
Dodging        | 1 2 |  2.0
Armour         | 2 3 |  3.3
Stealth        | 1 |  1.9
Invocations    | |  1.9

Action                   |  1- 3 |  4- 6 |  7- 9 || total
-------------------------+-------+-------+-------++-------
Melee: Falchion          |    92 |   120 |    29 ||   241
       Bite              |    22 |    26 |     8 ||    56
Invok: Depart the Abyss  |     1 |       |       ||     1
  Use: Scroll            |     4 |     4 |     1 ||     9
 Stab: Sleeping          |     1 |       |       ||     1
Armor: Leather armour    |    59 |     4 |       ||    63
       Ring mail         |       |    19 |       ||    19
       Plate armour      |       |    49 |    88 ||   137
       Chain mail        |       |     2 |       ||     2
Dodge: Dodged            |    87 |    52 |    25 ||   164

Table legend: (Time is in decaauts)
 A = Elapsed time spent in this place.
 B = Non-inter-level travel time spent in this place.
 C = Inter-level travel time spent in this place.
 D = Time resting spent in this place.
 E = Time spent auto-exploring this place.
 F = Levels seen in this place.
 G = Mean time per level.
                   A        B        C        D        E       F      G
               +--------+--------+--------+--------+--------+-----+--------+
         Total |   4083 |   3897 |    186 |    674 |   2141 |   6 |  680.5 |
       Dungeon |   4035 |   3849 |    186 |    674 |   2109 |   5 |  807.0 |
         Abyss |     48 |     48 |      0 |      0 |     32 |   1 |   48.0 |
               +--------+--------+--------+--------+--------+-----+--------+

Top non-repeatable levels by time:
     D:2: 1397 daAuts
     D:3: 785 daAuts
     D:4: 755 daAuts
     D:1: 752 daAuts
     D:5: 345 daAuts
 Abyss:1: 48 daAuts
